 Dungeon Crawl Stone Soup version 0.29-a0-39-g581ba40fa7 (webtiles) character file.

Game seed: 3210835529880314376

837 Bosse the Magician (level 7, -1/48 HPs)
             Began as a Demonspawn Hedge Wizard on Feb 1, 2022.
             Was an Initiate of Vehumet.
             Slain by Blork the orc (6 damage)
             ... on level 5 of the Dungeon.
             The game lasted 00:15:25 (6599 turns).

Bosse the Magician (Demonspawn Hedge Wizard)        Turns: 6599, Time: 00:15:26

Health: -1/48      AC: 10    Str: 13    XL:     7   Next: 66%
Magic:  8/15       EV: 13    Int: 17    God:    Vehumet [......]
Gold:   216        SH:  0    Dex: 13    Spells: 16/17 levels left

rFire   . . .      SeeInvis .   g - +2 dagger (venom)
rCold   . . .      Faith    +   (no shield)
rNeg    + . .      Spirit   .   x - +0 robe "Joutergh" {rN+ Str+3}
rPois   .          Reflect  .   c - +0 hat
rElec   .          Harm     .   p - +1 cloak
rCorr   .          Rampage  .   (no gloves)
Will    .....                   (no boots)
Stlth   ++........              o - amulet of faith
HPRegen 0.16/turn               (no ring)
MPRegen 0.14/turn               (no ring)

@: lethally poisoned (-1 -> -18), sanguine armoured
A: claws 1, foul stench 2, sanguine armour 1
a: Renounce Religion


You were on level 5 of the Dungeon.
You worshipped Vehumet.
Vehumet was noncommittal.
You visited 2 branches of the dungeon, and saw 6 of its levels.
You also visited: Sewer.

You collected 216 gold pieces.

Inventory:

Hand Weapons
 a - a +0 dagger
 g - a +2 dagger of venom (weapon)
 s - a +3 rapier
Armour
 b - a +0 robe
 c - a +0 hat (worn)
 p - a +1 cloak (worn)
 x - the +0 robe "Joutergh" (worn) {rN+ Str+3}
   (You found it on level 5 of the Dungeon)

   Str:       It affects your strength (+3).
   rN:        It protects you from negative energy.
Jewellery
 o - an amulet of faith (around neck)
Scrolls
 d - 3 scrolls of identify
 f - 2 scrolls of fear
 h - a scroll of teleportation
 l - 2 scrolls of amnesia
 v - a scroll of fog
Potions
 i - a potion of cancellation {unknown}
 j - 2 potions of degeneration {unknown}
 k - a potion of might {unknown}
 m - a potion of attraction {unknown}
 n - 2 potions of brilliance {unknown}
 t - 2 potions of lignification {unknown}
 w - a potion of mutation {unknown}


   Skills:
 + Level 1.6 Fighting
 + Level 1.3 Short Blades
 + Level 3.3 Dodging
 + Level 2.8 Stealth
 + Level 5.7 Spellcasting
 + Level 4.7 Conjurations
 + Level 1.0 Summonings
 + Level 0.8 Translocations


You had 16 spell levels left.
You knew the following spells:

 Your Spells              Type           Power      Damage    Failure   Level
a - Magic Dart            Conj           80%        1d7       1%          1

Your spell library contained the following spells:

 Spells                   Type           Power      Damage    Failure   Level
 Slow                     Hex            16%        N/A       13%         1
 Call Imp                 Summ           8%         N/A       13%         2
 Blink                    Tloc           14%        N/A       14%         2
 Conjure Flame            Conj/Fire      12%        6-21      16%         3
 Mephitic Cloud           Conj/Pois/Air  10%        N/A       21%         3
 Gell's Gravitas          Tloc           7%         N/A       28%         3
 Lesser Beckoning         Tloc           7%         N/A       28%         3
 Teleport Other           Tloc           7%         N/A       28%         3


Dungeon Overview and Level Annotations

Branches:
Dungeon (5/15)             Temple (1/1) D:4           Sewer (visited)

Altars:
Ashenzari
Cheibriados
Dithmenos
Elyvilon
Fedhas
Gozag
Hepliaklqana
Makhleb
Nemelex Xobeh
Okawaru
Qazlal
Ru
Sif Muna
Trog
Uskayaw
Vehumet
Wu Jian
Xom
Yredelemnul
Zin
The Shining One

Annotations:
D:5 Blork the orc


Innate Abilities, Weirdness & Mutations

You have sharp fingernails.
You sometimes emit foul miasma when damaged in melee.
When seriously injured, your blood forms armour. (AC +6)


Message History

Done waiting.
Press: ? - help, v - describe, . - travel
Here: Blork the orc, wielding a +1 glaive of venom and wearing a +0 robe (asleep)
The floor.
The magic dart hits Blork the orc.
Blork the orc is lightly wounded.
Blork the orc shouts!
The magic dart hits Blork the orc.
Blork the orc is lightly wounded.
The magic dart hits Blork the orc.
Blork the orc is moderately wounded.
The magic dart hits Blork the orc.
Blork the orc is moderately wounded.
The magic dart hits Blork the orc.
Blork the orc is heavily wounded.
Blork the orc begins to cast a cantrip, but forgets the words!
The magic dart hits Blork the orc.
Blork the orc is heavily wounded.
Blork the orc misses you.
The magic dart hits Blork the orc.
Blork the orc is heavily wounded.
Blork the orc hits you from afar with a +1 glaive of venom!
You are poisoned.
The magic dart hits Blork the orc but does no damage.
Blork the orc is heavily wounded.
You feel very sick.
Blork the orc hits you from afar with a +1 glaive of venom!
Your blood congeals into armour.
You are lethally poisoned!
You feel extremely sick.
You are too injured to fight recklessly!
* * * LOW HITPOINT WARNING * * *
You feel very sick. Blork the orc closely misses you.
You hit Blork the orc but do no damage.
Blork the orc is poisoned.
Blork the orc is heavily wounded.
* * * LOW HITPOINT WARNING * * *
You feel very sick.
Blork the orc hits you with a +1 glaive of venom.
You die...

*#..#**#######
#######*#..#####......
#.....##..##...<.##...
#.....#..#...######...
#...........#* ##...
##.........### ##..##
#........### #..##
##..........## #.##
#......@.##..######.#
#.####o####.........# ##
#.#*...# ###.#รท#######.
#....### ##..#..##.....
#..##* #.#.#.#.#*#...
############.#.#.#.###...
##...##...##.##.#.##.##...
##.........##.##.#.##.##...
#..............+.+.+.......


You could see Blork the orc (very poisoned).

Vanquished Creatures
  A sky beast (D:4)
  Pargi (Sewer)
  2 phantoms (D:4)
  4 scorpions
  3 hounds
  A jelly (D:4)
  A hound skeleton (D:4)
  A gnoll (D:4)
  4 adders
  A worm (D:2)
  5 orcs (D:4)
  5 ball pythons
  6 endoplasms
  17 giant cockroaches
  5 goblins
  7 hobgoblins
  8 jackals
  6 quokkas
  4 bats
  6 frilled lizards
  3 kobolds
  7 rats
98 creatures vanquished.

Notes
Turn   | Place    | Note
-------+----------+-------------------------------------------
     0 | D:1      | Bosse the Demonspawn Hedge Wizard began the quest for the
                  | Orb.
     0 | D:1      | Reached XP level 1. HP: 13/13 MP: 4/4
   206 | D:1      | Gained mutation: When seriously injured, your blood forms
                  | armour. (AC +6) [demonic ancestry]
   206 | D:1      | Reached XP level 2. HP: 14/19 MP: 1/6
  1513 | D:2      | Gained mutation: You may rarely emit foul miasma when
                  | damaged in melee. [demonic ancestry]
  1513 | D:2      | Reached XP level 3. HP: 24/24 MP: 4/8
  3072 | D:3      | Reached skill level 4 in Spellcasting
  3136 | D:3      | Found a glowing drain.
  3217 | Sewer    | Entered a sewer
  3264 | Sewer    | Noticed Pargi
  3270 | Sewer    | Killed Pargi
  3271 | Sewer    | Gained mutation: You sometimes emit foul miasma when
                  | damaged in melee. [demonic ancestry]
  3271 | Sewer    | Reached XP level 4. HP: 13/31 MP: 3/10
  3271 | Sewer    | Reached XP level 5. HP: 15/36 MP: 3/11
  3821 | D:3      | Found a faded altar of an unknown god.
  4289 | D:4      | Noticed a phantom
  4315 | D:4      | Killed a phantom
  4316 | D:4      | Gained mutation: You have sharp fingernails. [demonic
                  | ancestry]
  4316 | D:4      | Reached XP level 6. HP: 23/42 MP: 1/13
  4542 | D:4      | Reached skill level 1 in Fighting
  4542 | D:4      | Reached skill level 1 in Short Blades
  4542 | D:4      | Reached skill level 5 in Spellcasting
  4953 | D:4      | Noticed a sky beast
  4965 | D:4      | Killed a sky beast
  4966 | D:4      | Reached XP level 7. HP: 13/48 MP: 3/15
  5606 | D:4      | Found a staircase to the Ecumenical Temple.
  5613 | Temple   | Entered the Ecumenical Temple
  5641 | Temple   | Became a worshipper of Vehumet
  6140 | D:5      | Entered Level 5 of the Dungeon
  6255 | D:5      | Identified the +0 robe "Joutergh" {rN+ Str+3}
  6471 | D:5      | Noticed Blork the orc
  6599 | D:5      | Slain by Blork the orc

Illustrated notes

Levels and vault maps discovered:
D:1:      dpeg_arrival_line_fractal, layout_basic, minmay_pentomino_u2
D:2:      minmay_roachtagon, layout_loops_ring, kennysheep_generic_room_12
D:3:      layout_rooms, shapermc_ecumenical_altar_mp_ritualfount,
          cheibrodos_sewer_entry_drain
D:4:      layout_basic, temple_statues, minmay_diced_spiral
D:5:      layout_rooms, grunt_decor_cap, interstate_on_off, uniq_blork_the_orc
Temple:   nicolae_temple_the_god_donut

Skill      XL: |  1  2  3  4  5  6  7 |
---------------+----------------------+-----
Dodging        | 2 3 |  3.3
Stealth        | 2 |  2.8
Spellcasting   | 4 5 |  5.7
Conjurations   | 2 3 4 |  4.7
Fighting       | 1 |  1.6
Short Blades   | 1 |  1.3
Summonings     | |  1.0
Translocations | |  0.8

Action                   |  1- 3 |  4- 6 |  7- 9 || total
-------------------------+-------+-------+-------++-------
Melee: Dagger            |    50 |    35 |     1 ||    86
       Punch             |     1 |       |       ||     1
 Cast: Magic Dart        |   157 |   105 |    84 ||   346
  Use: Scroll            |     1 |       |     8 ||     9
Armor: Robe              |    17 |    15 |     7 ||    39
Dodge: Dodged            |    55 |    41 |    14 ||   110

Table legend: (Time is in decaauts)
 A = Elapsed time spent in this place.
 B = Non-inter-level travel time spent in this place.
 C = Inter-level travel time spent in this place.
 D = Time resting spent in this place.
 E = Time spent auto-exploring this place.
 F = Levels seen in this place.
 G = Mean time per level.
                   A        B        C        D        E       F      G
               +--------+--------+--------+--------+--------+-----+--------+
         Total |   6604 |   6604 |      0 |    679 |   4819 |   7 |  943.4 |
       Dungeon |   6249 |   6249 |      0 |    507 |   4771 |   5 | 1249.8 |
        Temple |     82 |     82 |      0 |      0 |      7 |   1 |   82.0 |
         Sewer |    272 |    272 |      0 |    172 |     41 |   1 |  272.0 |
               +--------+--------+--------+--------+--------+-----+--------+

Top non-repeatable levels by time:
     D:4: 1825 daAuts
     D:2: 1755 daAuts
     D:1: 1229 daAuts
     D:3: 980 daAuts
     D:5: 458 daAuts
   Sewer: 272 daAuts
  Temple: 82 daAuts
